 Dungeon Crawl Stone Soup version 0.22-a0-265-g0d8bc90 (webtiles) character file.

19181 Amnesiac the Transmogrifier (level 13, -7/99 (101) HPs)
             Began as a Formicid Earth Elementalist on Mar 6, 2018.
             Was a High Priest of Dithmenos.
             Mangled by an eight-headed hydra (12 damage)
             ... on level 12 of the Dungeon.
             The game lasted 00:37:23 (17070 turns).

Amnesiac the Transmogrifier (FoEE)                 Turns: 17070, Time: 00:37:24

HP:   -7/99 (101)   AC:  5    Str: 14    XL:     13   Next: 2%
MP:   0/27          EV: 16    Int: 19    God:    Dithmenos [*****.]
Gold: 690           SH:  0    Dex: 16    Spells: 12/32 levels left

rFire    + . .     SeeInvis +   b - +2 dagger (freeze)
rCold    . . .     Gourm    .   (no shield)
rNeg     . . .     Faith    .   s - +2 robe {rF+}
rPois    .         Spirit   +   (helmet unavailable)
rElec    .         Reflect  .   D - scarf {Spirit}
rCorr    .         Harm     .   (no gloves)
MR       +....                  G - +0 pair of boots
Stlth    ++++......             (no amulet)
HPRegen  0.26/turn              y - +5 ring of dexterity
MPRegen  0.20/turn              z - ring of flight

@: wreathed by umbra
A: permanent stasis, dig shafts and tunnels, four strong arms, antennae 3
a: Dig, Shaft Self, Shadow Step, Shadow Form, Renounce Religion, Evoke Flight


You were on level 12 of the Dungeon.
You worshipped Dithmenos.
Dithmenos was extremely pleased with you.
You were very hungry.

You visited 2 branches of the dungeon, and saw 13 of its levels.
You also visited: Ossuary and Bailey.

You collected 906 gold pieces.
You spent 216 gold pieces at shops.

Inventory:

Hand Weapons
 b - a +2 dagger of freezing (weapon)
 w - a +1 demon blade of electrocution
Missiles
 f - 68 poisoned needles
 t - 8 needles of confusion
 E - 136 stones (quivered)
 M - 157 arrows
 N - 4 throwing nets
Armour
 p - a scarf of repulsion
 s - a +2 robe of fire resistance (worn)
 D - a scarf of spirit shield (worn)
 G - a +0 pair of boots (worn)
 O - a +1 shield of cold resistance
Magical Staves
 a - an uncursed staff of power
 A - an uncursed staff of conjuration
Jewellery
 g - an uncursed ring of protection from cold
 q - an uncursed ring of stealth
 x - an uncursed ring of protection from magic
 y - a +5 ring of dexterity (left hand)
 z - a ring of flight (right hand)
Wands
 h - a wand of scattershot (6)
 i - a wand of acid (9)
Scrolls
 e - 4 scrolls of amnesia {!r}
 o - 7 scrolls of remove curse {!r}
 u - 2 scrolls of magic mapping {!r}
 C - a scroll of fog {!r}
Potions
 c - a potion of lignification {!q, unknown}
 j - a potion of resistance {!q}
 k - 5 potions of mutation {!q, unknown}
 m - 8 potions of curing {!q, unknown}
 n - 6 potions of heal wounds {!q, unknown}
 r - 5 potions of ambrosia {!q, unknown}
 v - 2 potions of cancellation {!q}
 F - 2 potions of might {!q}
 H - 2 potions of magic {!q}
 I - a potion of invisibility {!q}
 J - 3 potions of brilliance {!q}
 K - a potion of agility {!q, unknown}
 L - a potion of flight {!q}
Comestibles
 d - 30 rations


   Skills:
 - Level 9.0 Fighting
 + Level 8.7 Short Blades
 - Level 6.0 Dodging
 - Level 4.0 Stealth
 - Level 10.0 Spellcasting
 - Level 10.1 Transmutations
 - Level 10.0 Earth Magic


You had 12 spell levels left.
You knew the following spells:

 Your Spells              Type           Power        Failure   Level  Hunger
a - Stone Arrow           Conj/Erth      ####..       2%          3    None
b - Passwall              Tmut/Erth      #####.....   1%          2    None
c - Sticks to Snakes      Tmut           #####...     1%          2    None
d - Sandblast             Erth           #####.       1%          1    None
e - Petrify               Tmut/Erth      #####...     1%          4    ##.....
f - Ozocubu's Armour      Chrm/Ice       #.......     22%         3    None
w - Lee's Rapid Deconstr  Erth           #####.....   3%          5    #####..


Dungeon Overview and Level Annotations

Branches:
Dungeon (12/15)            Temple (1/1) D:5            Lair (0/6) D:10
    Orc (0/2) D:9

Altars:
Ashenzari
Cheibriados
Dithmenos
Elyvilon
Fedhas
Gozag
Hepliaklqana
Kikubaaqudgha
Makhleb
Nemelex Xobeh
Okawaru
Qazlal
Ru
Sif Muna
Trog
Uskayaw
Vehumet
Wu Jian
Xom
Yredelemnul
Zin
The Shining One

Shops:
D:6 [

Annotations:
D:12 Snorg


Innate Abilities, Weirdness & Mutations

You cannot be hasted, slowed, berserked, paralysed or teleported.
You can dig through walls and to a lower floor.
Your four strong arms can wield two-handed weapons with a shield.
You have a pair of large antennae on your head. (SInv)


Message History

You are feeling hungry.
The bullfrog snags a nearby blue-tailed skink with its tongue.
The bullfrog barely misses you. The bullfrog hits you.
Casting: Stone Arrow (safe; 2% risk of failure)
Confirm with . or Enter, or press ? or * to list all spells.
Aiming: Sandblast (safe; 1% risk of failure)
Press: ? - help, Shift-Dir - straight line, f - bullfrog
Aim: a bullfrog (umbra)
Okay, then.
Casting: Sandblast (safe; 1% risk of failure)
Confirm with . or Enter, or press ? or * to list all spells.
Aiming: Lee's Rapid Deconstruction (safe; 3% risk of failure)
Press: ? - help, Dir - move target cursor The wall shatters!
The blast of rock fragments hits the eight-headed hydra.
The eight-headed hydra is moderately wounded.
The bullfrog hits you.
Unknown command.
Casting: Lee's Rapid Deconstruction (safe; 3% risk of failure)
Confirm with . or Enter, or press ? or * to list all spells.
Aiming: Lee's Rapid Deconstruction (safe; 3% risk of failure)
Press: ? - help, Dir - move target cursor The wall shatters!
The blast of rock fragments hits the eight-headed hydra.
The eight-headed hydra is heavily wounded.
The bullfrog hits you but does no damage.
The deep elf mage mumbles some strange words.
The deep elf mage blinks!
Unknown command.
Casting: Lee's Rapid Deconstruction (safe; 3% risk of failure)
Confirm with . or Enter, or press ? or * to list all spells.
Aiming: Lee's Rapid Deconstruction (safe; 3% risk of failure)
Press: ? - help, Dir - move target cursor The wall shatters!
The blast of rock fragments hits the bullfrog.
The bullfrog is almost dead.
The blast of rock fragments hits the eight-headed hydra.
The eight-headed hydra is almost dead.
You are feeling very hungry.
Unknown command.
Casting: Lee's Rapid Deconstruction (safe; 3% risk of failure)
Confirm with . or Enter, or press ? or * to list all spells.
You create 2 snakes!
You now have 157 arrows.
The eight-headed hydra closely misses you.
The eight-headed hydra misses you.
The eight-headed hydra closely misses you.
The eight-headed hydra completely misses you.
The eight-headed hydra barely misses you.
The eight-headed hydra bites you!
* * * LOW HITPOINT WARNING * * *
The eight-headed hydra barely misses you.
The eight-headed hydra closely misses you.
The eight-headed hydra bites you!
* * * LOW HITPOINT WARNING * * *
The eight-headed hydra completely misses you.
The eight-headed hydra barely misses you.
The eight-headed hydra bites you!
* * * LOW HITPOINT WARNING * * *
The eight-headed hydra bites you!
* * * LOW HITPOINT WARNING * * *
The eight-headed hydra bites you but does no damage.
The eight-headed hydra bites you!
You die...

#################################
..............FD@................
...........####SS................
...........# #.............#####
...........# #.............#####
...........####...###............
###...............###.....###'###
#.......................#......
###.......................#......
..........................#......


You could see an eight-headed hydra, a bullfrog and 2 friendly adders.

Vanquished Creatures
  Erolcha (D:10)
  Harold (D:10)
  2 two-headed ogres
  The ghost of torrenera the Magician, a novice GnWr of Okawaru (D:9)
  A deep elf mage (D:8)
  Pikel (D:8)
  3 orc knights (Bailey)
  2 ugly things
  An orc sorcerer (Bailey)
  2 manticores
  Maurice (D:8)
  A kobold demonologist (Bailey)
  A troll (D:9)
  2 hippogriffs
  4 slime creatures (D:12)
  A spriggan (D:8)
  9 yaks
  Grum (D:8)
  A steam dragon (D:12)
  4 vampire mosquitoes (D:9)
  A water moccasin (D:10)
  A hornet zombie (D:10)
  16 orc warriors
  3 slaves (D:8)
  A black bear (D:9)
  5 necrophages
  2 sky beasts
  6 ice beasts
  A phantom (D:11)
  9 ogres
  An eye of draining (D:10)
  4 wolves
  5 centaurs
  A big kobold (D:9)
  10 bullfrogs
  A water moccasin zombie (D:8)
  3 scorpions
  2 wights
  7 howler monkeys
  7 electric eels
  A bullfrog zombie (D:6)
  11 hounds
  A gnoll shaman (D:4)
  2 crimson imps
  2 jellies
  5 orc priests
  3 bullfrog skeletons
  3 centaur skeletons
  10 orc wizards
  An iguana (D:12)
  Ijyb (D:3)
  9 worker ants
  A killer bee zombie (D:8)
  A hound zombie (D:9)
  8 mummies (Ossuary)
  Robin (D:3)
  A worker ant zombie (D:5)
  8 adders
  7 gnolls
  4 shadow imps
  2 oozes
  2 adder skeletons
  8 worms
  2 dart slugs (D:1)
  7 leopard geckos
  49 orcs
  7 bats
  6 giant cockroaches
  3 gnoll zombies
  28 goblins
  18 hobgoblins
  12 jackals
  6 kobolds
  5 quokkas
  4 frilled lizards
  2 hobgoblin zombies (Ossuary)
  3 jackal skeletons
  A kobold zombie (Ossuary)
  A leopard gecko zombie (D:7)
  4 orc zombies (Ossuary)
  A quokka skeleton (D:6)
  A quokka zombie (D:5)
  5 rats
383 creatures vanquished.

Vanquished Creatures (others)
  A slave (D:8)
  An orc (Bailey)
  A hobgoblin (Bailey)
  A kobold (D:3)
4 creatures vanquished.

Grand Total: 387 creatures vanquished

Notes
Turn   | Place    | Note
-------+----------+-------------------------------------------
     0 | D:1      | Amnesiac the Formicid Earth Elementalist began the quest for the Orb.
     0 | D:1      | Reached XP level 1. HP: 13/13 MP: 3/3
     4 | D:1      | Reached XP level 2. HP: 19/19 MP: 1/5
    90 | D:1      | You fall through a shaft!
   157 | D:2      | You fall through a shaft!
   212 | D:2      | You fall through a shaft!
   215 | D:3      | You fall through a shaft for 3 floors!
   287 | D:5      | Entered Level 5 of the Dungeon
   297 | D:5      | Noticed a howler monkey
   301 | D:5      | Killed a howler monkey
   301 | D:5      | Reached skill level 5 in Earth Magic
   301 | D:5      | Reached XP level 3. HP: 24/24 MP: 2/7
   301 | D:5      | Reached XP level 4. HP: 30/30 MP: 2/8
   400 | D:5      | Noticed an ice beast
   408 | D:5      | Learned a level 2 spell: Passwall
   413 | D:5      | Learned a level 4 spell: Petrify
   436 | D:5      | Found an iron altar of Okawaru.
   436 | D:5      | Found a radiant altar of Vehumet.
   438 | D:5      | Found a sparkling altar of Nemelex Xobeh.
   525 | D:5      | Found a staircase to the Ecumenical Temple.
   531 | Temple   | Entered the Ecumenical Temple
   617 | D:4      | Found a bloodstained altar of Trog.
   621 | D:4      | Reached XP level 5. HP: 35/35 MP: 9/9
   633 | D:4      | Learned a level 3 spell: Stone Arrow
   749 | D:3      | Noticed an ogre
   755 | D:3      | Killed an ogre
   755 | D:3      | Reached XP level 6. HP: 15/41 MP: 11/11
  1774 | D:2      | Found a shimmering altar of Xom.
  1808 | D:2      | Found an ornate altar of the Wu Jian Council.
  2224 | D:3      | Noticed Robin
  2259 | D:3      | Killed Robin
  2750 | D:3      | Found a white marble altar of Elyvilon.
  2851 | D:3      | Noticed Ijyb
  2860 | D:3      | Killed Ijyb
  3260 | D:4      | Reached XP level 7. HP: 39/46 MP: 5/13
  4012 | D:4      | Found a shadowy altar of Dithmenos.
  4021 | D:4      | Became a worshipper of Dithmenos the Shadowed
  4303 | D:5      | Reached skill level 5 in Spellcasting
  4352 | D:5      | Reached XP level 8. HP: 43/52 MP: 0/15
  4371 | D:5      | Learned a level 5 spell: Lee's Rapid Deconstruction
  4634 | D:5      | Found a hide-covered altar of Uskayaw.
  5053 | D:6      | Found a glowing silver altar of Zin.
  5115 | D:6      | Reached skill level 10 in Earth Magic
  5350 | D:6      | Reached * piety under Dithmenos
  5776 | D:6      | Found a basalt altar of Yredelemnul.
  5894 | D:6      | Found Ipseum's Antique Armour Shoppe.
  5897 | D:6      | Bought a runed scarf for 216 gold pieces
  6116 | D:7      | Reached XP level 9. HP: 65/65 MP: 18/18
  6226 | D:7      | Reached skill level 5 in Fighting
  6286 | D:7      | Found a sand-covered staircase.
  6312 | D:7      | Found a deep blue altar of Sif Muna.
  6334 | Ossuary  | Entered an ossuary
  6395 | Ossuary  | Reached ** piety under Dithmenos
  6806 | Ossuary  | Reached skill level 1 in Short Blades
  7728 | D:7      | Found an iron altar of Okawaru.
  8087 | D:8      | Noticed a deep elf mage
  8090 | D:8      | Reached XP level 10. HP: 74/74 MP: 19/19
  8094 | D:8      | Killed a deep elf mage
  8379 | D:8      | Noticed Pikel
  8398 | D:8      | Killed Pikel
  8398 | D:8      | Reached *** piety under Dithmenos
  8547 | D:8      | Noticed Grum
  8554 | D:8      | Killed Grum
  8554 | D:8      | Reached skill level 5 in Dodging
  8589 | D:8      | Noticed Maurice
  8685 | D:8      | Killed Maurice
  9288 | D:9      | Noticed torrenera's ghost (novice GnWr)
  9314 | D:9      | Killed torrenera's ghost
  9314 | D:9      | Reached XP level 11. HP: 71/79 MP: 0/20
  9689 | D:9      | Reached skill level 10 in Transmutations
  9909 | D:9      | Found a staircase to the Orcish Mines.
  9945 | D:9      | Found a sacrificial altar of Ru.
 10051 | D:9      | Noticed a two-headed ogre
 10059 | D:9      | Killed a two-headed ogre
 10496 | D:9      | Learned a level 2 spell: Sticks to Snakes
 10500 | D:9      | Learned a level 3 spell: Ozocubu's Armour
 11042 | D:10     | Entered Level 10 of the Dungeon
 11093 | D:10     | Noticed a two-headed ogre
 11126 | D:10     | Killed a two-headed ogre
 11353 | D:10     | Noticed Harold
 11425 | D:10     | Killed Harold
 11425 | D:10     | Reached **** piety under Dithmenos
 12489 | D:10     | Reached XP level 12. HP: 86/86 MP: 25/25
 12503 | D:10     | Found a staircase to the Lair.
 12601 | D:10     | Found a shadowy altar of Dithmenos.
 12777 | D:10     | Reached skill level 10 in Spellcasting
 12981 | D:10     | Noticed Erolcha
 12988 | D:10     | Killed Erolcha
 14148 | D:11     | Identified the Compendium of Beguiling and Evil Magic
 14517 | D:12     | Noticed Snorg
 14558 | D:12     | Found a flagged portal.
 14683 | D:12     | Got an ivory hand axe
 14782 | D:12     | Reached skill level 5 in Short Blades
 14869 | Bailey   | Entered a bailey
 15870 | Bailey   | Reached ***** piety under Dithmenos
 16069 | Bailey   | Found an iron altar of Okawaru.
 16819 | D:12     | Reached XP level 13. HP: 82/99 MP: 7/27
 17026 | D:12     | Noticed an eight-headed hydra
 17070 | D:12     | Mangled by an eight-headed hydra

Vault maps used:
D:1:      dpeg_arrival_shelter
D:2:      overflow_temple_1_default, xom_butterflies
D:3:      elyvilon_altar_4, uniq_robin, uniq_ijyb
D:4:      old_standard_altar, bloody_trog
D:5:      eat_drink_and_be_merry_uskayaw, gammafunk_temple_overflow_claw,
          temple_fountains, first_ration
D:6:      lemuel_coloured_pillars_altar, lemuel_zombie_altar_yredelemnul,
          serial_shops, nicolae_shop_statue_plus
D:7:      nicolae_overflow_crystal_walls, nicolae_ossuary_entry_false_entrances,
          okawaru_metal_pillars_1_2
D:8:      serial_undead, serial_undead_e, serial_undead_d, serial_undead_e,
          serial_undead_b, the_bakery, uniq_maurice, uniq_grum, uniq_pikel
D:9:      overflow_temple_1_default, orc_0_dummy, lightli_orcish_oven
D:10:     erik_lair_island, nicolae_dithmenos_through_a_glass_darkly,
          uniq_erolcha, uniq_harold
D:11:     roderic_serpentine_path, kennysheep_generic_room_10
D:12:     enter_bailey_2, uniq_snorg
Temple:   jpeg_temple_island
Ossuary:  ossuary_tomb_3
Bailey:   bailey_axe_of_yendor_kennysheep, bailey

Skill      XL: |  1  2  3  4  5  6  7  8  9 10 11 12 |
---------------+-------------------------------------+-----
Earth Magic    | 4 5 6 7 9 10 | 10.0
Spellcasting   | 3 4 5 6 9 10 | 10.0
Fighting       | 3 6 9 |  9.0
Short Blades   | 4 8 |  8.7
Stealth        | 4 |  4.0
Transmutations | 4 8 10 | 10.1
Dodging        | 6 |  6.0

Action                   |  1- 3 |  4- 6 |  7- 9 | 10-12 | 13-15 || total
-------------------------+-------+-------+-------+-------+-------++-------
Melee: Unarmed           |     4 |       |       |       |       ||     4
       Staff             |       |    16 |     9 |     6 |       ||    31
       Dagger            |       |       |     3 |   131 |     4 ||   138
       Demon blade       |       |       |       |    14 |       ||    14
Throw: Stone             |       |       |       |     1 |       ||     1
 Cast: Sandblast         |    14 |    90 |    18 |    82 |       ||   204
       Passwall          |       |     1 |     4 |     7 |       ||    12
       Stone Arrow       |       |    26 |   196 |   285 |     6 ||   513
       Lee's Rapid Decon |       |       |     2 |    19 |     3 ||    24
       Petrify           |       |       |       |    40 |       ||    40
       Sticks to Snakes  |       |       |       |       |     1 ||     1
 Abil: Shaft Self        |     4 |       |       |       |       ||     4
       Dig               |       |     2 |       |       |       ||     2
       Evoke Flight      |       |       |       |     5 |       ||     5
  Use: Scroll            |       |       |    10 |    10 |       ||    20
       Potion            |       |       |       |     1 |       ||     1
 Stab: Sleeping          |       |     1 |       |     6 |       ||     7
       Petrified         |       |       |       |    52 |       ||    52
       Petrifying        |       |       |       |     6 |       ||     6
  Eat: Chunk             |       |     9 |    22 |    38 |       ||    69
       Ration            |       |     1 |     1 |     1 |       ||     3
Armor: Robe              |     1 |    18 |     6 |    13 |     6 ||    44
       Ring mail         |       |       |    11 |    29 |       ||    40
Dodge: Dodged            |     5 |    43 |    75 |   266 |    31 ||   420
       Deflected         |       |       |       |     9 |       ||     9
       Rpst.: Demon blade |       |       |       |     6 |       ||     6

Table legend:
 A = Spawn XP
 B = Non-spawn XP
 C = Spawn XP percentage of total XP
 D = Spawn monster count
 E = Non-spawn monster count
 F = Spawn count percentage of total count
 G = Total turns spent on level
                    A         B        C        D         E        F      G
               +---------+---------+-------+---------+---------+-------+---------
         Total |       0 |   27402 |   0.0 |       0 |     380 |   0.0 | 17070
               +---------+---------+-------+---------+---------+-------+---------
           D:1 |       0 |      56 |   0.0 |       0 |      27 |   0.0 |   807
           D:2 |       0 |      84 |   0.0 |       0 |      23 |   0.0 |   796
           D:3 |       0 |     226 |   0.0 |       0 |      24 |   0.0 |  1178
           D:4 |       0 |     427 |   0.0 |       0 |      20 |   0.0 |  1345
           D:5 |       0 |     461 |   0.0 |       0 |      14 |   0.0 |   981
           D:6 |       0 |     697 |   0.0 |       0 |      28 |   0.0 |  1296
           D:7 |       0 |    1512 |   0.0 |       0 |      29 |   0.0 |  1043
           D:8 |       0 |    3983 |   0.0 |       0 |      33 |   0.0 |  1588
           D:9 |       0 |    4618 |   0.0 |       0 |      42 |   0.0 |  1604
          D:10 |       0 |    4946 |   0.0 |       0 |      47 |   0.0 |  1987
          D:11 |       0 |    2323 |   0.0 |       0 |      13 |   0.0 |  1124
          D:12 |       0 |    3891 |   0.0 |       0 |      22 |   0.0 |   777
       Ossuary |       0 |     152 |   0.0 |       0 |      16 |   0.0 |   734
        Bailey |       0 |    4026 |   0.0 |       0 |      42 |   0.0 |  1781
               +---------+---------+-------+---------+---------+-------+---------
